 Dungeon Crawl Stone Soup version 0.23.2-40-g277498a001 (webtiles) character file.

Game seed: 1662230882885634234

230 AntidotE the Chucker (level 5, -15/44 HPs)
             Began as a Troll Hunter on Sept 23, 2019.
             Was an Initiate of Hepliaklqana.
             Demolished by grus's ghost (16 damage)
             ... on level 3 of the Dungeon.
             The game lasted 00:34:57 (3358 turns).

AntidotE the Chucker (Troll Hunter)                 Turns: 3358, Time: 00:34:58

Health: -15/44     AC:  9    Str: 20    XL:     5   Next: 72%
Magic:  4/4        EV: 10    Int:  7    God:    Hepliaklqana [......]
Gold:   178        SH:  0    Dex: 11    Spells: 4/4 levels left

rFire    . . .     SeeInvis .   F - +1 hand axe
rCold    . . .     Gourm    +   (no shield)
rNeg     . . .     Faith    .   b - +0 robe
rPois    .         Spirit   .   (helmet restricted)
rElec    .         Reflect  .   u - +2 cloak
rCorr    .         Harm     .   (gloves unavailable)
MR       .....                  (boots unavailable)
Stlth    +.........             E - amulet of the acrobat
HPRegen  0.54/turn              (no ring)
MPRegen  0.09/turn              (no ring)

@: lethally poisoned (-15 -> -15)
A: large, unfitting armour, reduced essence, claws 3, fast metabolism 3,
gourmand, regeneration 1, shaggy fur 1, tough skin 3
a: Recall Ancestor, Ancestor Identity, Renounce Religion


You were on level 3 of the Dungeon.
You worshipped Hepliaklqana.
Hepliaklqana was noncommittal.
You were very hungry.

You visited 1 branch of the dungeon, and saw 4 of its levels.

You collected 178 gold pieces.

Inventory:

Hand Weapons
 a - a +0 short sword
 h - a +0 dagger
 k - a +0 club
 n - a +0 dagger
 o - a +0 dagger
 p - a +0 club
 s - a +0 club
 t - a +0 short sword
 x - a +0 trident
 y - a +0 dagger
 B - a +0 club
 F - a +1 hand axe (weapon)
 L - a +0 dagger
 M - a +0 hunting sling
 O - a +0 club
 Q - a +0 dagger
 S - a +0 dagger
 U - a +0 hand axe
 W - a +0 dagger
 Y - a +0 club
Missiles
 d - 2 throwing nets
 j - 65 arrows
 l - 45 poisoned needles
 q - 27 sling bullets
 r - 63 stones
 T - 13 bolts
 Z - 4 large rocks (quivered)
Armour
 b - a +0 robe (worn)
 g - a +0 plate armour
 m - a +0 robe
 u - a +2 cloak (worn)
 z - a +0 ring mail
 D - a +0 robe
 I - a +0 pair of gloves
 J - a +0 large shield
 N - a cursed +0 helmet
 P - a +0 ring mail
 R - a +0 robe
 V - a +0 leather armour
Jewellery
 C - an uncursed ring of fire
 E - an amulet of the acrobat (around neck)
 H - an uncursed ring of magical power {unknown}
Scrolls
 e - a scroll of teleportation
 i - 4 scrolls of identify
 K - a scroll of amnesia {unknown}
 X - 2 scrolls of magic mapping
Potions
 c - a potion of heal wounds {unknown}
 f - a potion of ambrosia {unknown}
 v - a potion of curing {unknown}
 w - 2 potions of haste {unknown}
Comestibles
 A - a ration


   Skills:
 + Level 2.1 Fighting
 + Level 2.1 Short Blades
 + Level 0.4 Axes
 + Level 5.1 Throwing
 + Level 2.0 Dodging
 + Level 0.8 Stealth


You had 4 spell levels left.
You didn't know any spells.
Your spell library was empty.

Dungeon Overview and Level Annotations

Branches:
Dungeon (4/15)             Temple (0/1) D:4

Altars:
Hepliaklqana
Xom

Annotations:
D:3 1 runed translucent door, grus's ghost, weakling HOFi


Innate Abilities, Weirdness & Mutations

You are too large for most types of armour.
You have claws for hands.
Your metabolism is lightning-fast.
You like to eat raw meat.
Your natural rate of healing is unusually fast.
You are covered in fur. (AC +1)
You have extremely tough skin. (AC +3)
Your life essence is reduced to manifest your ancestor. (-10% HP)


Message History

Grus's ghost is heavily damaged.
Grus's ghost closely misses you.
You barely miss grus's ghost.
Grus's ghost is heavily damaged.
You are feeling very hungry.
You feel sick. Grus's ghost closely misses you. Grus's ghost stares at you.
Grus's ghost hits you.
You hit grus's ghost.
Grus's ghost is heavily damaged.
Grus's ghost misses you.
You barely miss grus's ghost.
Grus's ghost is heavily damaged.
Grus's ghost hits you.
You hit grus's ghost but do no damage.
Grus's ghost is heavily damaged.
You feel sick. Grus's ghost hits you!!
* * * LOW HITPOINT WARNING * * *
Grus's ghost hits you!
You die...

....#.##.#...##≈≈s########....#
##............#≈≈≈#...........#
##.##....######≈≈≈########....#
......##.# ##≈%≈# #....#
...#####.# #.#≈≈≈# #....#
..##.....###..#≈≈≈# #....#
..##.....##..##≈≈≈# #..###
.##......##.# #W≈≈# #.##
.##.........# ##@## #.#
............###R..# #.#
#.##[........##..## #.#
#.##............## #.#
#.##.........#### #.#
#.#.........<# #.#
#............# #.#
.............# ####.#
.............# #....#


You could see the friendly Ulric the ancestor and grus's ghost.

Vanquished Creatures
  An orc priest (D:3)
  A worker ant (D:4)
  An orc wizard (D:3)
  5 adders
  An ooze (D:1)
  2 worms (D:2)
  3 dart slugs (D:1)
  A leopard gecko (D:3)
  2 orcs (D:3)
  2 ball pythons
  2 giant cockroaches (D:2)
  10 goblins
  8 hobgoblins
  2 jackals (D:1)
  A quokka (D:3)
  5 bats
  2 frilled lizards
  5 kobolds
  4 rats
58 creatures vanquished.

Vanquished Creatures (collateral kills)
  3 adders (D:3)
  An orc (D:3)
  A giant cockroach (D:3)
  A hobgoblin (D:2)
6 creatures vanquished.

Grand Total: 64 creatures vanquished

Notes
Turn   | Place    | Note
-------+----------+-------------------------------------------
     0 | D:1      | AntidotE the Troll Hunter began the quest for the Orb.
     0 | D:1      | Reached XP level 1. HP: 19/19 MP: 0/0
   169 | D:1      | Reached skill level 4 in Throwing
   169 | D:1      | Reached XP level 2. HP: 27/27 MP: 1/1
   659 | D:1      | Reached XP level 3. HP: 35/35 MP: 2/2
  1296 | D:2      | Reached skill level 1 in Short Blades
  1296 | D:2      | Reached XP level 4. HP: 37/42 MP: 3/3
  1367 | D:2      | Found a hazy altar of Hepliaklqana.
  1384 | D:2      | Became a worshipper of Hepliaklqana the Forgotten
  2201 | D:3      | Reached skill level 5 in Throwing
  2201 | D:3      | Reached XP level 5. HP: 40/44 MP: 4/4
  2262 | D:3      | Found a shimmering altar of Xom.
  2264 | D:3      | Found an iron altar of Okawaru.
  2264 | D:3      | Found a shimmering altar of Xom.
  2268 | D:3      | Found a glowing silver altar of Zin.
  2268 | D:3      | Found an iron altar of Okawaru.
  2268 | D:3      | Found a hazy altar of Hepliaklqana.
  2550 | D:3      | Found a runed translucent door.
  2928 | D:4      | Found a staircase to the Ecumenical Temple.
  3335 | D:3      | Found a runed translucent door.
  3335 | D:3      | Noticed grus's ghost (weakling HOFi)
  3358 | D:3      | HP: 1/44 [grus's ghost (18)]
  3358 | D:3      | Demolished by grus's ghost

Skill      XL: |  1  2  3  4  5 |
---------------+----------------+-----
Throwing       | 4 5 |  5.1
Short Blades   | 1 2 |  2.1
Fighting       | 2 |  2.1
Dodging        | 2 |  2.0
Axes           | |  0.4
Stealth        | |  0.8

Action                   |  1- 3 |  4- 6 || total
-------------------------+-------+-------++-------
Melee: Short sword       |    58 |    38 ||    96
       Hand axe          |       |    57 ||    57
Throw: Large rock        |    36 |    25 ||    61
Invok: Recall Ancestor   |       |     1 ||     1
  Use: Scroll            |       |     6 ||     6
 Stab: Sleeping          |     1 |     1 ||     2
  Eat: Chunk             |     2 |     5 ||     7
       Ration            |     3 |     3 ||     6
Armor: Robe              |    23 |    34 ||    57
Dodge: Dodged            |    38 |    63 ||   101
